 Dungeon Crawl Stone Soup version 0.30-a0-972-gf3ab3527aa (webtiles) character file.

Game seed: 16120940885087752376

35539 Firecrotchwizard the Fighter (level 14, -10/114 HPs)
             Began as a Djinni Conjurer on Apr 1, 2023.
             Was a Believer of Ashenzari.
             Mangled by a dire elephant (28 damage)
             ... on level 5 of the Lair of Beasts.
             The game lasted 01:05:07 (18146 turns).

Firecrotchwizard the Fighter (Djinni Conjurer)     Turns: 18146, Time: 01:05:07

Health: -10/114    AC: 16    Str:  6    XL:     14   Next: 19%
Gold:   844        EV: 17    Int: 27    God:    Ashenzari [**....] SH:  0 Dex: 13

rFire   + + .      SeeInvis +    b - staff of cold of the Gnostic Soothsayer (curse) {rC+ rN+ Int+3, !astaff, Fort, Self} (curse)
rCold   . . .      Faith    .    (no shield)
rNeg    + . .      Spirit   .    a - +0 robe
rPois   ∞          Reflect  .    C - +2 helmet "Revealing Discomfort" {Cun, Self} (curse)
rElec   .          Rampage  .    S - +2 cloak
rCorr   .                        Y - +2 pair of gloves of Ashenzari's Regret {Melee, Self} (curse)
Will    +....                    (boots unavailable)
Stlth   ++++                     Z - amulet of regeneration {@e2}
HPRegen 1.19/turn                H - +4 ring of protection
MPRegen 0.00/turn                t - ring of wizardry

@: flying
A: sickness immunity, fire resistance 2, cold vulnerability 1, float, innate
caster, HP casting, extra vitality 1
a: Renounce Religion, Curse Item, Shatter the Chains


You were on level 5 of the Lair of Beasts.
You worshipped Ashenzari.
Ashenzari was pleased with you.
You visited 3 branches of the dungeon, and saw 15 of its levels.
You also visited: Sewer.

You collected 844 gold pieces.


Innate Abilities, Weirdness & Mutations

You are immune to sickness and miasma.
You are immune to poison.
Your flesh is very heat resistant. (rF++)
You are vulnerable to cold. (rC-)
You float through the air rather than walking.
You learn spells naturally, not from books.
Your magical power is your life essence.
You have superior vitality. (+4 MHP)


   Skills:
 * Level 13.2(15.4) Fighting
 - Level 4.2(5.3) Armour
 + Level 10.5(11.6) Dodging
 + Level 8.8(10.0) Stealth
 * Level 11.2(13.5) Spellcasting


You knew the following spells:

 Your Spells              Type           Power      Damage    Failure   Level
a - Magic Dart            Conj           100%       1d8       0%          1
b - Searing Ray           Conj           100%       2d8       0%          2
c - Dazzling Flash        Conj/Hex       100%       N/A       1%          3
d - Fulminant Prism       Conj/Hex       37%        3d17      1%          4
e - Iskenderun's Mystic   Conj/Tloc      74%        2d15      1%          4
f - Necrotise             Necr           100%       1d9       0%          1
g - Blink                 Tloc           100%       N/A       0%          2
h - Spider Form           Tmut/Pois      74%        N/A       1%          3
i - Inner Flame           Hex/Fire       74%        N/A       1%          3
j - Blade Hands           Tmut           37%        N/A       1%          5
k - Alistair's Intoxicat  Tmut/Pois      49%        N/A       1%          5
Your spell library was empty.

Inventory:

Hand Weapons
 U - the +5 whip of Collusion {venom, rC- Will+++ Int+2, mace}
   (You found it on level 2 of the Lair of Beasts)

   Int:       It affects your intelligence (+2).
   rC:        It makes you vulnerable to cold.
   Will:      It greatly increases your willpower.
Missiles
 m - 39 poisoned darts {throwing}
 w - 16 javelins {throwing}
 y - 5 throwing nets {=f!fthrowing}
 F - 11 boomerangs {throwing}
 I - 6 curare-tipped darts {=fthrowing}
Armour
 a - a +0 robe (worn)
 s - a +0 cloak of preservation
   (You took it off Maurice on level 8 of the Dungeon)
 C - the cursed +2 helmet "Revealing Discomfort" (worn) {Cun, Self}
   (You found it on level 3 of the Dungeon)

   It has a curse which improves the following skills: Cunning: Dodging and
   Stealth.
   Introspection: Fighting and Spellcasting.
 G - a scarf of resistance
   (You found it on level 7 of the Dungeon)
 S - a +2 cloak (worn)
   (You found it on level 5 of the Dungeon)
 Y - the cursed +2 pair of gloves of Ashenzari's Regret (worn) {Melee, Self}
   (You found it on level 4 of the Dungeon)

   It has a curse which improves the following skills: Melee Combat: Short
   Blades, Long Blades, Axes, Maces & Flails, Polearms, Staves and Unarmed
   Combat.
   Introspection: Fighting and Spellcasting.
Magical Staves
 b - the cursed staff of cold of the Gnostic Soothsayer (weapon) {rC+ rN+ Int+3, !astaff, Fort, Self}
   (You acquired it on level 7 of the Dungeon)

   [staff of cold]

   Your inability to study Ice Magic prevents you from drawing on the full power
   of this staff in melee.
   Base accuracy: +5 Base damage: 5 Base attack delay: 1.2 This weapon's minimum
   attack delay (0.6) is reached at skill level 12.
   Int:       It affects your intelligence (+3).
   rC:        It protects you from cold.
   rN:        It protects you from negative energy.
   It falls into the 'Staves' category.
   It is a one-handed weapon.
   It has a curse which improves the following skills: Fortitude: Armour and
   Shields.
   Introspection: Fighting and Spellcasting.
Jewellery
 r - a ring of resist corrosion
   (You took it off a goblin on level 2 of the Dungeon)
 t - a ring of wizardry (right hand)
   (You took it off a hobgoblin on level 2 of the Dungeon)
 H - a +4 ring of protection (left hand)
   (You took it off a kobold on level 9 of the Dungeon)
 Z - an amulet of regeneration (around neck) {@e2}
   (You found it on level 4 of the Lair of Beasts)
Wands
 j - a wand of acid (8)
   (You found it on level 1 of the Lair of Beasts)
 B - a wand of flame (96)
   (You took it off Natasha on level 2 of the Dungeon)
 E - a wand of roots (28)
   (You took it off Grinder on level 3 of the Dungeon)
 J - a wand of mindburst (5)
   (You found it on level 9 of the Dungeon)
 W - a wand of polymorph (3)
   (You found it on level 5 of the Lair of Beasts)
Scrolls
 e - a scroll of vulnerability {!r!r}
 g - 9 scrolls of identify {@r1}
 i - 4 scrolls of fog
 k - 4 scrolls of immolation {!r!r}
 p - 6 scrolls of teleportation {@r4}
 u - 4 scrolls of blinking {!r}
 x - a scroll of summoning
 z - 2 scrolls of enchant armour
 K - 2 scrolls of fear
 L - a scroll of magic mapping {!r}
 M - 4 scrolls of poison
 R - a scroll of enchant weapon
 T - 2 scrolls of noise {!r}
Potions
 c - 2 potions of attraction {!q}
 f - 2 potions of cancellation
 h - a potion of invisibility
 n - 8 potions of curing {@q1}
 o - 3 potions of brilliance
 v - a potion of berserk rage {!q}
 A - 5 potions of mutation {!q}
 D - a potion of ambrosia
 N - 6 potions of might
 O - 4 potions of heal wounds {@q2}
 P - a potion of magic
 V - a potion of haste {@q3}
 X - a potion of lignification {!q}
Miscellaneous
 d - a phantom mirror
   (You found it on level 4 of the Lair of Beasts)

Dungeon Overview and Level Annotations

Branches:
Dungeon (9/15) Zot: 25676  Temple (1/1) D:6 Zot: 5865    Lair (5/5) D:8 Zot: 24006
 Shoals (0/4) Lair:3        Snake (0/4) Lair:3        Slime (0/5) Lair:5
  Sewer (visited)
    Orc: D:9-12

Altars:
Ashenzari
Cheibriados
Dithmenos
Elyvilon
Fedhas
Gozag
Hepliaklqana
Makhleb
Nemelex Xobeh
Okawaru
Qazlal
Ru
Trog
Uskayaw
Wu Jian
Xom
Yredelemnul
Zin
The Shining One
Jiyva

Shops:
D:5 =   D:8 (   D:9 (

Annotations:
D:7 1 runed translucent door, Crazy Yiuf
D:8 3 runed translucent doors
Lair:5 exclusion: oklob plant

####.....#.8.##.##..#.†.#
#.....#.....##...#...#
##..÷.##.8.......#..P#
##....#..÷.....##..##
##...###......#..##
#.....###...÷#.##
##......##.÷...##
##.....P##Y*...#
###.....@.....#
########...## ###.# ###


You could see a dire elephant (ally target) and a friendly fulminant prism.


Message History

Confirm with . or Enter, or press ? or * to list all spells.
You erupt in a blast of force!
The mystic blast hits the dire elephant!
The dire elephant tramples you!
You are shoved backwards!
Your fulminant prism crackles loudly. 😮 HP[-15]
You take 15 damage, and now have 63/114 hp.
Casting: Iskenderun's Mystic Blast (safe; 1% risk of failure)
Confirm with . or Enter, or press ? or * to list all spells.
You erupt in a blast of force!
The mystic blast hits the dire elephant!
The dire elephant is knocked back by the mystic blast.
The blast of energy engulfs the dire elephant!!
The blast of energy engulfs the deep troll shaman!!!
You kill the deep troll shaman! 😮 HP[-3]
You take 3 damage, and now have 60/114 hp.
Casting: Iskenderun's Mystic Blast (safe; 1% risk of failure)
Confirm with . or Enter, or press ? or * to list all spells.
Aiming: Fulminant Prism (safe; 1% risk of failure)
Press: ? - help, Dir - move target You conjure a prism of explosive energy!
* * * LOW HITPOINT WARNING * * *
A fulminant prism comes into view. 😮 HP[-2]
You take 2 damage, and now have 58/114 hp.
Casting: Fulminant Prism (safe; 1% risk of failure)
Confirm with . or Enter, or press ? or * to list all spells.
You don't know that spell.
Casting: Fulminant Prism (safe; 1% risk of failure)
Confirm with . or Enter, or press ? or * to list all spells.
You erupt in a blast of force!
The mystic blast hits the dire elephant!!
The dire elephant is knocked back by the mystic blast.
* * * LOW HITPOINT WARNING * * *
Your fulminant prism crackles loudly. 😨 HP[-3]
You take 3 damage, and now have 55/114 hp.
Casting: Iskenderun's Mystic Blast (safe; 1% risk of failure)
Confirm with . or Enter, or press ? or * to list all spells.
Aiming: Fulminant Prism (safe; 1% risk of failure)
Press: ? - help, Dir - move target You conjure a prism of explosive energy!
* * * LOW HITPOINT WARNING * * *
A fulminant prism comes into view.
The blast of energy engulfs the dire elephant!! 😨 HP[-3]
You take 3 damage, and now have 52/114 hp.
Casting: Fulminant Prism (safe; 1% risk of failure)
Confirm with . or Enter, or press ? or * to list all spells.
Aiming: Fulminant Prism (safe; 1% risk of failure)
Press: ? - help, Dir - move target You conjure a prism of explosive energy!
* * * LOW HITPOINT WARNING * * *
A fulminant prism comes into view.
Your fulminant prism crackles loudly. 😨 HP[-3]
You take 3 damage, and now have 49/114 hp.
Casting: Fulminant Prism (safe; 1% risk of failure)
Confirm with . or Enter, or press ? or * to list all spells.
You erupt in a blast of force!
The mystic blast hits the dire elephant!
* * * LOW HITPOINT WARNING * * *
Your fulminant prism crackles loudly.
The blast of energy engulfs the dire elephant!! 😨 HP[-3]
You take 3 damage, and now have 46/114 hp.
Casting: Iskenderun's Mystic Blast (safe; 1% risk of failure)
Confirm with . or Enter, or press ? or * to list all spells.
You erupt in a blast of force!
The mystic blast hits the dire elephant but does no damage.
* * * LOW HITPOINT WARNING * * *
The dire elephant tramples you but does no damage.
The dire elephant misses you. 😨 HP[-2]
You take 2 damage, and now have 44/114 hp.
Casting: Iskenderun's Mystic Blast (safe; 1% risk of failure)
Confirm with . or Enter, or press ? or * to list all spells.
You erupt in a blast of force!
The mystic blast hits the dire elephant.
* * * LOW HITPOINT WARNING * * *
The dire elephant tramples you but does no damage.
The dire elephant trunk-slaps you but does no damage. 😨 HP[-3]
You take 3 damage, and now have 41/114 hp.
Casting: Iskenderun's Mystic Blast (safe; 1% risk of failure)
Confirm with . or Enter, or press ? or * to list all spells.
Aiming: Fulminant Prism (safe; 1% risk of failure)
Press: ? - help, Dir - move target You conjure a prism of explosive energy!
* * * LOW HITPOINT WARNING * * *
A fulminant prism comes into view.
The dire elephant tramples you!!
* * * LOW HITPOINT WARNING * * *
You are shoved backwards! 😱 HP[-24]
You take 24 damage, and now have 17/114 hp.
MASSIVE DAMAGE!! (PAUSE)
The dire elephant tramples you!!
You die...

Skill      XL: |  1  2  3  4  5  6  7  8  9 10 11 12 13 |
---------------+----------------------------------------+-----
Spellcasting   | 4 5 6 7 8 9 10 11 | 11.2
Fighting       | 1 2 4 5 7 8 10 11 13 | 13.2
Stealth        | 2 3 5 6 7 8 |  8.8
Dodging        | 3 4 6 7 8 9 10 | 10.5
Armour         | 3 4 |  4.2

Action                     |  1- 3 |  4- 6 |  7- 9 | 10-12 | 13-15 || total
---------------------------+-------+-------+-------+-------+-------++-------
  Melee: Dagger            |     7 |       |    28 |       |       ||    35
   Cast: Magic Dart        |    49 |    42 |   159 |   126 |    49 ||   425
         Searing Ray       |     4 |     7 |    26 |    51 |    29 ||   117
         Fulminant Prism   |       |     3 |    48 |   118 |    90 ||   259
         Iskenderun's Myst |       |       |       |       |     6 ||     6
 Invoke: Curse Item        |       |       |       |     2 |     1 ||     3
    Use: Scroll            |       |       |    15 |     1 |     1 ||    17
   Stab: Sleeping          |       |       |     1 |       |       ||     1
 Armour: Robe              |     3 |     2 |    15 |    25 |    28 ||    73
  Dodge: Dodged            |     7 |     3 |    37 |    57 |    71 ||   175
  Block: Other             |     6 |       |    14 |    22 |     4 ||    46
         Reflection        |       |       |     2 |     3 |     1 ||     6

Levels and vault maps discovered:
D:1:      dpeg_arrival_water_temple_mockup, layout_loops_ring
D:2:      layout_basic, basic_altar, uniq_natasha
D:3:      layout_loops_ring, vehumet_altar_wand_db, nemelex_dance_club_becter,
          gup_sewer_entry_bowl, corexii_hall_statues_u, grunt_ministairs_11,
          uniq_grinder
D:4:      layout_loops_cross, dreamdust_gnoll_farm
D:5:      layout_layer_cave, serial_shops, shop, uniq_edmund
D:6:      layout_basic, amcnicky_altar_gilded, nicolae_dithmenos_shadow_blocks,
          minmay_temple_entry_drinking_statues, nicolae_ossuary_entry_catacombs,
          uniq_sigmund, uniq_menkaure
D:7:      layout_loops_ring, lemuel_crystal_altar,
          minmay_fractal_squares_gapless_5, uniq_joseph, uniq_crazy_yiuf_cottage
D:8:      layout_loops_ring, trog_three_pillars_becter,
          mainiacjoe_overflow_chevrons, elyvilon_altar_4,
          nicolae_qazlal_eye_of_the_storm, nicolae_ru_sacrificial_ziggurat,
          ploomutoo_gammafunk_ghost_potion_laboratory, serial_shops,
          nicolae_shop_stone, minmay_chambers_of_fives, uniq_maurice
D:9:      layout_long_grid, general_overflow_altar, serial_shops,
          nicolae_take_the_stairs, grunt_decor_junction, minmay_alternating_orb
Temple:   nicolae_temple_bog_church
Lair:1:   layout_regular_city, chequers_serial_rivers_room_b,
          beast_lair_carwin_4
Lair:2:   layout_concentric_octagons, infiniplex_staircase_pool_2
Lair:3:   layout_regular_city, elwin_shoals_entry_rooms,
          minmay_snake_entry_guardpost_small
Lair:4:   layout_gridlike, grunt_megastairs_2, lemuel_fruit_tree, uniq_nessos
Lair:5:   grunt_lair_end_beastmaster, layout_cave_pods, slime_entry_1, uniq_urug

Notes
Turn   | Place    | Note
-------+----------+-------------------------------------------
     0 | D:1      | Firecrotchwizard the Djinni Conjurer began the quest for
                  | the Orb.
     0 | D:1      | Firecrotchwizard set off with the following spells
                  | memorised: Magic Dart, Searing Ray, Dazzling Flash,
                  | Fulminant Prism, Iskenderun's Mystic Blast.
     0 | D:1      | Reached XP level 1. HP: 15/15 MP: 0/0
     0 | D:1      | magus.rc [v1.9.6]
   253 | D:1      | Reached XP level 2. HP: 17/21 MP: 0/0
   680 | D:1      | Reached XP level 3. HP: 21/25 MP: 0/0
   680 | D:1      | Learned a level 1 spell: Necrotise
   768 | D:1      | Reached skill level 4 in Spellcasting
  1039 | D:2      | Got the Guide on the Torrid Salvo
  1133 | D:2      | Found a burning altar of Makhleb.
  1181 | D:2      | Reached XP level 4. HP: 27/31 MP: 0/0
  1277 | D:2      | Noticed Natasha
  1282 | D:2      | Killed Natasha
  1493 | D:2      | Noticed Natasha
  1498 | D:2      | Killed Natasha
  1499 | D:2      | Reached skill level 1 in Fighting
  1499 | D:2      | Reached XP level 5. HP: 27/37 MP: 0/0
  1499 | D:2      | Learned a level 2 spell: Blink
  1939 | D:2      | Noticed Natasha
  1943 | D:2      | Killed Natasha
  1944 | D:2      | Reached skill level 2 in Stealth
  2204 | D:3      | Found a sparkling altar of Nemelex Xobeh.
  2223 | D:3      | Noticed Grinder
  2232 | D:3      | Killed Grinder
  2233 | D:3      | Reached skill level 2 in Fighting
  2233 | D:3      | Reached skill level 3 in Dodging
  2233 | D:3      | Reached XP level 6. HP: 14/45 MP: 0/0
  2443 | D:3      | Reached XP level 7. HP: 36/49 MP: 0/0
  2443 | D:3      | Learned a level 3 spell: Spider Form
  2448 | D:3      | Reached skill level 3 in Fighting
  2453 | D:3      | Reached skill level 5 in Spellcasting
  2660 | D:3      | Found a glowing drain.
  2664 | Sewer    | Entered a sewer
  2746 | Sewer    | Noticed a water moccasin
  2754 | Sewer    | Killed a water moccasin
  3555 | D:4      | Identified the +1 ring mail of the Cockroach {rC+ rN+}
  3774 | D:4      | Reached skill level 3 in Stealth
  3783 | D:4      | Reached skill level 4 in Fighting
  3922 | D:4      | Reached XP level 8. HP: 53/58 MP: 0/0
  4247 | D:5      | Entered Level 5 of the Dungeon
  4421 | D:5      | Noticed Edmund
  4430 | D:5      | Killed Edmund
  4431 | D:5      | Reached skill level 4 in Dodging
  4495 | D:5      | Identified the +10 broad axe "Eblopni" {flame, rC- rN+
                  | Dex+3 Stlth+}
  4577 | D:5      | Found Othaurag's Jewellery Shop.
  4887 | D:5      | Reached skill level 5 in Fighting
  5141 | D:5      | Reached skill level 6 in Spellcasting
  5844 | D:6      | Found a staircase to the Ecumenical Temple.
  5849 | Temple   | Entered the Ecumenical Temple
  6113 | D:6      | Reached XP level 9. HP: 58/65 MP: 0/0
  6113 | D:6      | Learned a level 3 spell: Inner Flame
  6120 | D:6      | Noticed Sigmund
  6125 | D:6      | Killed Sigmund
  6126 | D:6      | Reached skill level 4 in Stealth
  6296 | D:6      | Reached skill level 5 in Dodging
  6343 | D:6      | Reached skill level 6 in Fighting
  7060 | D:6      | Found a hazy altar of Hepliaklqana.
  7353 | D:6      | Found a shadowy altar of Dithmenos.
  7367 | D:6      | Noticed Menkaure
  7372 | D:6      | HP: 15/67 [??? (13)]
  7373 | D:6      | Killed Menkaure
  8196 | D:7      | Reached skill level 7 in Fighting
  8197 | D:7      | Identified a scroll of acquirement
  8197 | D:7      | Acquired the staff of cold "Evu Yck" {rC+ rN+ Int+3}
  8245 | D:7      | Reached skill level 7 in Spellcasting
  8390 | D:7      | Noticed Joseph
  8404 | D:7      | Killed Joseph
  8405 | D:7      | Reached skill level 6 in Dodging
  8405 | D:7      | Reached skill level 5 in Stealth
  8405 | D:7      | Reached XP level 10. HP: 58/75 MP: 0/0
  8656 | D:7      | Found a snail-covered altar of Cheibriados.
  9047 | D:7      | Found a runed translucent door.
  9048 | D:7      | Noticed Crazy Yiuf
  9492 | D:8      | Found a staircase to the Lair.
  9501 | D:8      | Noticed Maurice
  9508 | D:8      | Reached skill level 8 in Fighting
  9511 | D:8      | Killed Maurice
  9627 | D:8      | Found a sacrificial altar of Ru.
  9846 | D:8      | Found a stormy altar of Qazlal.
  9862 | D:8      | Found Estriumn's Antique Weapon Boutique.
  9919 | D:8      | HP: 17/77 [acid dragon (1)]
 10261 | D:8      | Found a white marble altar of Elyvilon.
 10457 | D:8      | Found a broken altar of Ashenzari.
 10461 | D:8      | Became a worshipper of Ashenzari the Shackled
 10508 | D:8      | Found a bloodstained altar of Trog.
 10519 | D:8      | Reached skill level 8 in Spellcasting
 10593 | D:8      | Got Ysuqu's Volume of Twinkling Bolts
 10609 | D:8      | Found a runed translucent gate.
 10609 | D:8      | Found a runed translucent gate.
 10609 | D:8      | Noticed a red ugly thing
 10610 | D:8      | Found a runed translucent gate.
 10610 | D:8      | Noticed a red ugly thing
 10612 | D:8      | Noticed a green ugly thing
 10612 | D:8      | Noticed a red ugly thing
 10613 | D:8      | Noticed a glowing orange brain
 10902 | D:9      | Found Eploihoa's Weapon Shop.
 10912 | D:9      | Reached skill level 7 in Dodging
 10913 | D:9      | Reached XP level 11. HP: 70/82 MP: 0/0
 10913 | D:9      | Learned a level 5 spell: Blade Hands
 10936 | D:9      | Reached skill level 9 in Fighting
 10938 | D:9      | Reached skill level 6 in Stealth
 11377 | D:9      | Noticed a white ugly thing
 11384 | D:9      | Killed a white ugly thing
 11831 | D:9      | Found a shimmering altar of Xom.
 12153 | Lair:1   | Entered Level 1 of the Lair of Beasts
 12205 | Lair:1   | Reached skill level 10 in Fighting
 12218 | Lair:1   | Reached skill level 8 in Dodging
 12218 | Lair:1   | Reached skill level 9 in Spellcasting
 12330 | Lair:1   | Noticed a death yak
 12333 | Lair:1   | Noticed a death yak
 12335 | Lair:1   | Noticed a death yak
 12338 | Lair:1   | Noticed a death yak
 12340 | Lair:1   | Noticed a death yak
 12349 | Lair:1   | Killed a death yak
 12362 | Lair:1   | Killed a death yak
 12427 | Lair:1   | Reached XP level 12. HP: 78/93 MP: 0/0
 12508 | Lair:1   | Killed a death yak
 12508 | Lair:1   | Killed a death yak
 12509 | Lair:1   | Reached skill level 1 in Armour
 12509 | Lair:1   | Reached skill level 7 in Stealth
 12510 | Lair:1   | Killed a death yak
 12876 | Lair:1   | Reached * piety under Ashenzari
 13200 | Lair:1   | Reached skill level 11 in Fighting
 13200 | Lair:1   | Reached skill level 2 in Armour
 13923 | Lair:2   | Noticed a skyshark
 13933 | Lair:2   | Killed a skyshark
 13992 | Lair:2   | Reached skill level 9 in Dodging
 14243 | Lair:2   | Identified the +5 whip of Collusion {venom, rC- Will+++
                  | Int+2}
 14722 | Lair:3   | Reached skill level 3 in Armour
 14986 | Lair:3   | Reached skill level 10 in Spellcasting
 15228 | Lair:3   | Reached XP level 13. HP: 82/102 MP: 0/0
 15228 | Lair:3   | Learned a level 5 spell: Alistair's Intoxication
 15289 | Lair:3   | Found a staircase to the Snake Pit.
 15830 | Lair:3   | Found a staircase to the Shoals.
 16354 | Lair:4   | Reached skill level 12 in Fighting
 16354 | Lair:4   | Reached skill level 4 in Armour
 16368 | Lair:4   | Reached ** piety under Ashenzari
 16378 | Lair:4   | Noticed Nessos
 16493 | Lair:4   | Killed Nessos
 16494 | Lair:4   | Reached skill level 8 in Stealth
 17026 | Lair:5   | Entered Level 5 of the Lair of Beasts
 17476 | Lair:5   | Noticed a seven-headed hydra
 17491 | Lair:5   | Killed a seven-headed hydra
 17492 | Lair:5   | Reached skill level 10 in Dodging
 17610 | Lair:5   | Found a staircase to the Slime Pits.
 17610 | Lair:5   | Found a viscous altar of Jiyva.
 17611 | Lair:5   | Noticed Urug
 17624 | Lair:5   | Killed Urug
 18004 | Lair:5   | Noticed a catoblepas
 18018 | Lair:5   | Killed a catoblepas
 18031 | Lair:5   | Reached skill level 13 in Fighting
 18031 | Lair:5   | Reached skill level 11 in Spellcasting
 18031 | Lair:5   | Reached XP level 14. HP: 101/114 MP: 0/0
 18127 | Lair:5   | Noticed a dire elephant
 18145 | Lair:5   | HP: 17/114 [dire elephant (21)]
 18146 | Lair:5   | Mangled by a dire elephant

Vanquished Creatures
  Nessos (Lair:4)
  A hydra (Lair:5)
  A catoblepas (Lair:5)
  A deep troll shaman (Lair:5)
  9 death yaks
  Urug (Lair:5)
  A skyshark (Lair:2)
  An ugly thing (D:9)
  8 elephants
  Maurice (D:8)
  6 black mambas
  Joseph (D:7)
  9 komodo dragons
  A rime drake (Lair:5)
  6 cane toads
  A hornet (D:8)
  23 blink frogs
  Grinder (D:3)
  Sigmund (D:6)
  3 shadows (D:9)
  3 wyverns
  29 yaks
  Menkaure (D:6)
  A basilisk (Lair:5)
  A steam dragon (D:7)
  Edmund (D:5)
  3 nagas (Lair:3)
  An acid dragon (D:8)
  3 orc warriors
  9 water moccasins
  9 black bears
  5 wolves
  An ogre (D:7)
  5 centaurs
  5 kobold brigands
  A phantom (D:6)
  8 bullfrogs
  A gnoll sergeant (D:9)
  3 elf skeletons (D:6)
  2 scorpions
  5 wights (D:8)
  An electric eel (Lair:3)
  2 howler monkeys
  2 human zombies (D:6)
  5 jellies
  2 gnoll boudas
  2 orc priests
  8 hounds
  5 sleepcaps
  3 human skeletons (D:6)
  3 iguanas
  Natasha (thrice) (D:2)
  6 orc wizards
  6 hell rats (Lair:3)
  9 gnolls
  9 adders
  2 white imps
  An ufetubus (D:5)
  A worm (D:2)
  A dart slug (D:1)
  31 orcs
  5 bats
  10 endoplasms
  2 giant cockroaches
  5 goblins
  5 hobgoblins
  4 jackals
  4 quokkas
  10 ball pythons
  3 frilled lizards
  19 kobolds
  3 orc skeletons (D:6)
  2 rats
  A fulminant prism (D:8)
349 creatures vanquished.

Vanquished Creatures (others)
  256 fulminant prisms
  37 fungi
  50 plants
343 creatures vanquished.

Grand Total: 692 creatures vanquished

Table legend:
 A = Non-vault XP
 B = Vault XP
 C = Vault XP percentage of total XP
 D = Non-vault monster count
 E = Vault monster count
 F = Vault count percentage of total count
                 A         B        C        D         E       F
            +---------+---------+-------+---------+---------+-------
      Total |   33292 |   17478 |  34.4 |     261 |      87 |  25.0
            +---------+---------+-------+---------+---------+-------
        D:1 |      38 |       0 |   0.0 |      22 |       0 |   0.0
        D:2 |     123 |      35 |  22.2 |      17 |       1 |   5.6
        D:3 |     129 |     262 |  67.0 |      18 |       8 |  30.8
        D:4 |     296 |      71 |  19.3 |      19 |       3 |  13.6
        D:5 |     506 |     171 |  25.3 |      24 |       1 |   4.0
        D:6 |     966 |     881 |  47.7 |      15 |      13 |  46.4
        D:7 |     711 |     879 |  55.3 |      15 |       5 |  25.0
        D:8 |    1199 |    1011 |  45.7 |      21 |       6 |  22.2
        D:9 |    3413 |    1824 |  34.8 |      25 |      15 |  37.5
     Lair:1 |    8234 |    1040 |  11.2 |      21 |       6 |  22.2
     Lair:2 |    2526 |       0 |   0.0 |       7 |       0 |   0.0
     Lair:3 |    3861 |     495 |  11.4 |      20 |       3 |  13.0
     Lair:4 |    2328 |    1852 |  44.3 |       7 |       5 |  41.7
     Lair:5 |    8962 |    8813 |  49.6 |      30 |      18 |  37.5
      Sewer |       0 |     144 | 100.0 |       0 |       3 | 100.0
            +---------+---------+-------+---------+---------+-------

Illustrated notes

Table legend:
 A = Kills in this place as a percentage of kills in the entire game.
 B = Kills by you in this place as a percentage of kills by you in the entire game.
 C = Kills by friends in this place as a percentage of kills by friends in the entire game.
 D = Other kills in this place as a percentage of other kills in the entire game.
 E = Experience gained in this place as a percentage of experience gained in the entire game.
 F = Experience gained in this place divided by the number of levels of this place that you have seen.
                   A       B       C       D       E      F
               +-------+-------+-------+-------+-------+----------------------
         Total | 100.0 | 100.0 |   N/A |   N/A | 100.0 | 3173.1
       Dungeon |  65.5 |  65.5 |   N/A |   N/A |  24.7 | 1390.6
          Lair |  33.6 |  33.6 |   N/A |   N/A |  75.1 | 7622.2
         Sewer |   0.9 |   0.9 |   N/A |   N/A |   0.3 | 144.0
               +-------+-------+-------+-------+-------+----------------------

Table legend: (Time is in decaauts)
 A = Elapsed time spent in this place.
 B = Non-inter-level travel time spent in this place.
 C = Inter-level travel time spent in this place.
 D = Time resting spent in this place.
 E = Time spent auto-exploring this place.
 F = Levels seen in this place.
 G = Mean time per level.
                   A        B        C        D        E       F      G
               +--------+--------+--------+--------+--------+-----+--------+
         Total |  18143 |  17681 |    462 |   4671 |  10801 |  16 | 1133.9 |
       Dungeon |  11807 |  11471 |    336 |   2907 |   7214 |   9 | 1311.9 |
        Temple |    134 |    129 |      5 |      0 |    119 |   1 |  134.0 |
          Lair |   5992 |   5872 |    120 |   1697 |   3370 |   5 | 1198.4 |
         Sewer |    208 |    208 |      0 |     67 |     98 |   1 |  208.0 |
               +--------+--------+--------+--------+--------+-----+--------+

Top non-repeatable levels by time:
     D:6: 2357 daAuts
  Lair:1: 1705 daAuts
     D:8: 1510 daAuts
     D:5: 1475 daAuts
  Lair:3: 1313 daAuts
     D:7: 1274 daAuts
     D:9: 1153 daAuts
  Lair:5: 1120 daAuts
     D:3: 1105 daAuts
     D:2: 1061 daAuts
  Lair:4: 1012 daAuts
     D:1: 935 daAuts
     D:4: 932 daAuts
  Lair:2: 839 daAuts
   Sewer: 208 daAuts
